 Dungeon Crawl Stone Soup version 0.30.0-5-g1a98f26d00 (webtiles) character file.

Game seed: 4316570294357729349

57279 SnakkuSnakku7 the Cruncher (level 14, -5/126 HPs)
             Began as an Armataur Warper on May 8, 2023.
             Was the Champion of Uskayaw.
             Killed from afar by an ogre mage (11 damage)
             ... with a bolt of magma
             ... on level 2 of the Orcish Mines.
             The game lasted 00:22:17 (17794 turns).

SnakkuSnakku7 the Cruncher (Armataur Warper)       Turns: 17794, Time: 00:22:17

Health: -5/126     AC: 29    Str: 21    XL:     14   Next: 45%
Magic:  19/23      EV:  5    Int: 13    God:    Uskayaw [******]
Gold:   1502       SH:  3    Dex: 11    Spells: 16/16 levels left

rFire   . . .        a - +7 sceptre of Torment {pain, torment}
rCold   + + .        Y - +0 buckler
rNeg    + . .        k - -1 pearl dragon scales
rPois   +            A - +2 helmet
rElec   .            p - +2 cloak
rCorr   .            (no gloves)
SInv    .            h - +4 barding "Qosop" {rPois rC++ Will+}
Will    ++...        y - amulet of the acrobat Stlth
                     (no ring)
HPRegen 0.41/turn    (no ring)
MPRegen 0.18/turn

%: acrobat, roll
@: studying Axes
A: large, rugged brown scales 3, deformed body, armoured tail, roll, long
tongue, awkward tongue
a: Renounce Religion, Stomp, Line Pass, Grand Finale


You were on level 2 of the Orcish Mines.
You worshipped Uskayaw.
Uskayaw was pleased with you.
You visited 4 branches of the dungeon, and saw 20 of its levels.

You collected 2844 gold pieces.
You spent 1342 gold pieces at shops.

Inventory:

Hand Weapons
 a - the +7 sceptre of Torment (weapon) {pain, torment}
   (You found it on level 5 of the Lair of Beasts)
Missiles
 d - 4 boomerangs of dispersal (quivered)
 j - 3 silver javelins
 B - 20 boomerangs
 K - a throwing net
 M - a curare-tipped dart
Armour
 h - the +4 barding "Qosop" (worn) {rPois rC++ Will+}
   (You acquired it on level 7 of the Dungeon)

   rC:        It greatly protects you from cold.
   rPois:     It protects you from poison.
   Will:      It increases your willpower.
 k - -1 pearl dragon scales (worn)
 p - a +2 cloak (worn)
 A - a +2 helmet (worn)
 Y - a +0 buckler (worn)
Jewellery
 y - an amulet of the acrobat (around neck)
 F - a ring of ice
 J - a ring of magical power
 T - a ring of positive energy
 V - a +6 ring of intelligence
Wands
 b - a wand of quicksilver (2)
 c - a wand of mindburst (14)
 l - a wand of digging (9)
 C - a wand of iceblast (13)
 E - a wand of paralysis (7)
Scrolls
 e - 3 scrolls of identify
 g - 11 scrolls of teleportation
 r - 2 scrolls of magic mapping
 x - 3 scrolls of immolation
 H - 2 scrolls of torment {unknown}
 L - 2 scrolls of vulnerability {unknown}
 O - 2 scrolls of brand weapon {unknown}
 Q - 3 scrolls of fog {unknown}
 R - 2 scrolls of blinking
 U - 2 scrolls of fear
 W - 2 scrolls of summoning
Potions
 f - 12 potions of curing
 i - 4 potions of invisibility
 n - 3 potions of lignification
 o - 4 potions of attraction
 q - a potion of berserk rage
 s - 2 potions of mutation
 v - 2 potions of haste
 w - 3 potions of magic
 z - 11 potions of ambrosia
 D - 2 potions of flight
 I - 2 potions of resistance
 N - 2 potions of might
 P - 3 potions of brilliance


   Skills:
 - Level 9.0 Fighting
 - Level 4.0(6.5) Axes
 + Level 8.8(12.8) Maces & Flails
 - Level 14.0(14.9) Staves
 - Level 0.8 Throwing
 - Level 12.0 Armour
 - Level 1.3 Dodging
 - Level 1.7 Spellcasting
 - Level 3.0 Translocations
 - Level 12.0 Invocations


You had 16 spell levels left.
You didn't know any spells.
Your spell library contained the following spells:

 Spells                   Type           Power      Damage    Failure   Level
 Apportation              Tloc           16%        N/A       26%         1
 Blink                    Tloc           16%        N/A       36%         2
 Lesser Beckoning         Tloc           16%        N/A       36%         2
 Teleport Other           Tloc           8%         N/A       58%         3
 Foxfire                  Conj/Fire      4%         2x1d4     65%         1
 Summon Small Mammal      Summ           4%         N/A       65%         1
 Poisonous Vapours        Pois/Air       2%         N/A       78%         2
 Vhi's Electric Charge    Tloc/Air       10%        N/A       80%         3
 Volatile Blastmotes      Fire/Tloc      10%        2d10      80%         3
 Manifold Assault         Tloc           8%         N/A       94%         4
 Call Canine Familiar     Summ           1%         N/A       95%         3
 Mephitic Cloud           Conj/Pois/Air  1%         N/A       95%         3
 Stone Arrow              Conj/Erth      2%         3d7       95%         3
 Summon Guardian Golem    Hex/Summ       1%         N/A       95%         3
 Iskenderun's Mystic Bla  Conj/Tloc      5%         2d3       99%         4
 Animate Armour           Summ/Erth      2%         N/A       100%        4
 Fulminant Prism          Conj/Hex       0%         3d5       100%        4
 Alistair's Intoxication  Tmut/Pois      0%         N/A       100%        5
 Fireball                 Conj/Fire      0%         3d3       100%        5
 Freezing Cloud           Conj/Ice/Air   0%         6-21      100%        5
 Lee's Rapid Deconstruct  Erth           0%         3d4*      100%        5
 Plasma Beam              Fire/Air       0%         2x1d11    100%        6
 Starburst                Conj/Fire      0%         6d3       100%        6
 Lehudib's Crystal Spear  Conj/Erth      0%         10d2      100%        8


Dungeon Overview and Level Annotations

Branches:
Dungeon (12/15)            Temple (1/1) D:6            Lair (5/5) D:10
 Shoals (0/4) Lair:2       Spider (0/4) Lair:2        Slime (0/5) Lair:5
    Orc (2/2) D:12            Elf (0/3) Orc:2

Altars:
Cheibriados
Elyvilon
Fedhas
Gozag
Makhleb
Nemelex Xobeh
Okawaru
Qazlal
Sif Muna
Uskayaw
Xom
Yredelemnul
Zin
The Shining One
Lugonu

Shops:
D:6 *   D:8 *

Portals:
Abyss: Lair:5


Innate Abilities, Weirdness & Mutations

You are completely covered in rugged brown scales. (AC +3, +7% HP)
Armour fits poorly on your strangely shaped body.
You have a long armoured tail.
You roll when moving toward enemies. (Rampage)
Your long tongue fully drains potion bottles. (2x potion effects)
Your tongue gives you trouble enunciating. (1.5x scroll delay)


Message History

The ogre is almost dead.
The ogre hits you with a +0 giant club!
You hear some strange, mumbled words.
The two-headed ogre seems to speed up.
You hear some strange, mumbled words.
The ogre seems to speed up.
The two-headed ogre hits you with a +0 giant club!
* * * LOW HITPOINT WARNING * * *
The two-headed ogre barely misses you.
Unknown command.
Okay, then.
You completely miss the ogre. You tail-slap the ogre.
You kill the ogre!
Something hits you!
* * * LOW HITPOINT WARNING * * *
Something freezes you.
* * * LOW HITPOINT WARNING * * *
Something hits you but does no damage.
The two-headed ogre hits you with a +0 giant spiked club!
* * * LOW HITPOINT WARNING * * *
The two-headed ogre hits you but does no damage.
Uskayaw links your audience in an emotional bond!
Unknown command.
Aiming: Line Pass
Press: ? - help, Dir - move target The two-headed ogre appears confused.
The ogre appears confused. x2
The ogre hits the ogre with a +0 giant spiked club!
You kill the two-headed ogre!
The ogre is killed!
The ogre hits itself with a +0 giant spiked club!!
Reactivating autopickup.
You feel a bit more experienced.
You kill the two-headed ogre!
The ogre is killed!
The two-headed ogre hits you with a +0 giant club.
* * * LOW HITPOINT WARNING * * *
The two-headed ogre hits you but does no damage.
You hear some strange, mumbled words.
A bolt of magma appears from out of thin air!
Deactivating autopickup; reactivate with Ctrl-A.
The bolt of magma hits you!
You die...

###..########..............
...............#...........
.....................#.....
##...#.##...........##.....
#..........................
......)).........#.....##..
#......))........##........
.......).#.##..............
..#.#..<).@.###............
# ###..O)## ##........#..
###))## ##.###...#.. #)){#
### #....#. ##.## ##.....
### #...## ##.### ### # #


You could see a two-headed ogre (pain bonded).

Vanquished Creatures
  2 hydras
  2 ogre magi (Orc:2)
  A catoblepas (Lair:5)
  2 boulder beetles
  Erica (D:11)
  13 two-headed ogres
  6 death yaks
  3 thrashing horrors (Lair:5)
  Nergalle (Lair:3)
  The ghost of OldManVictorn the Thaumaturge, a novice GnHW of Ashenzari (D:7)
  A skyshark (Lair:5)
  Pikel (D:6)
  A wolf spider (Lair:1)
  An orc knight (Orc:1)
  A cyclops (D:10)
  A deep elf pyromancer (D:12)
  An orc sorcerer (Orc:2)
  4 black mambas
  A gargoyle (D:11)
  An unseen horror zombie (D:8)
  14 cane toads
  An unseen horror (D:11)
  A kobold demonologist (D:9)
  6 komodo dragons
  2 rime drakes (Lair:5)
  3 ancient zymes (Lair:5)
  2 large abominations (Lair:5)
  A queen bee (Lair:3)
  3 trolls
  5 polar bears
  28 blink frogs
  A hornet (Lair:1)
  6 slime creatures (D:12)
  7 wyverns
  28 yaks
  5 ynoxinuls (Lair:5)
  2 steam dragons
  2 wraiths
  5 basilisks
  A chaos spawn (Lair:5)
  3 wargs
  An acid dragon (D:11)
  14 water moccasins
  3 sky beasts
  2 ice beasts
  13 orc warriors
  3 black bears
  12 small abominations (Lair:5)
  13 ogres
  8 centaurs
  16 wolves
  9 bullfrogs
  2 kobold brigands (D:9)
  4 necrophages (D:8)
  2 gnoll sergeants
  A wyvern zombie (D:8)
  7 scorpions
  8 wights
  22 killer bees
  9 howler monkeys
  A centaur zombie (D:8)
  11 orc priests
  6 hounds
  6 jellies
  Ijyb (D:4)
  2 sleepcaps
  Terence (D:2)
  3 iguanas
  17 orc wizards
  4 hell rats (Lair:3)
  12 adders
  16 gnolls
  A shadow imp (D:8)
  3 white imps
  3 ufetubi
  4 dart slugs
  2 worms
  56 orcs
  6 endoplasms
  5 giant cockroaches
  5 goblins
  10 hobgoblins
  3 quokkas
  6 ball pythons
  A bat (D:2)
  A frilled lizard (D:1)
  12 kobolds
  4 rats
  A butterfly (D:7)
523 creatures vanquished.

Vanquished Creatures (others)
  An orc (D:7)
1 creature vanquished.

Grand Total: 524 creatures vanquished

Notes
Turn   | Place    | Note
-------+----------+-------------------------------------------
     0 | D:1      | SnakkuSnakku7 the Armataur Warper began the quest for the
                  | Orb.
     0 | D:1      | Reached XP level 1. HP: 18/18 MP: 3/3
   243 | D:1      | Reached XP level 2. HP: 25/25 MP: 4/4
   806 | D:2      | Reached XP level 3. HP: 32/32 MP: 5/5
   948 | D:2      | Found a faded altar of an unknown god.
  1044 | D:2      | Found the +18 Lear's hauberk
  1162 | D:2      | Noticed Terence
  1166 | D:2      | Killed Terence
  1167 | D:2      | Reached XP level 4. HP: 38/40 MP: 6/6
  1384 | D:3      | Found an opulent altar of Gozag.
  1484 | D:3      | Found a white marble altar of Elyvilon.
  1827 | D:3      | Found a shimmering blue altar of Sif Muna.
  1832 | D:3      | Noticed a black bear
  1844 | D:3      | Killed a black bear
  1845 | D:3      | Reached XP level 5. HP: 34/49 MP: 7/7
  2026 | D:3      | Identified the +1 falchion "Suqibb" {speed, rN+++ Str-5
                  | SInv}
  2394 | D:4      | Identified the +9 quarterstaff "Ythyonun" {drain, rN+ Dex-3
                  | SInv}
  2402 | D:4      | Reached XP level 6. HP: 52/55 MP: 8/8
  3127 | D:4      | Noticed Ijyb
  3131 | D:4      | Killed Ijyb
  3132 | D:4      | Reached skill level 1 in Staves
  3258 | D:4      | You fall into a shaft and drop 2 floors!
  3351 | D:6      | Found an iron altar of Okawaru.
  3382 | D:5      | Entered Level 5 of the Dungeon
  3706 | D:5      | Reached skill level 5 in Fighting
  3706 | D:5      | Reached skill level 2 in Staves
  3707 | D:5      | Reached XP level 7. HP: 65/65 MP: 9/9
  3711 | D:5      | Reached skill level 3 in Staves
  4447 | D:6      | Reached skill level 4 in Staves
  4546 | D:6      | Noticed Pikel
  4561 | D:6      | Killed Pikel
  4562 | D:6      | Reached skill level 6 in Staves
  4562 | D:6      | Reached XP level 8. HP: 67/72 MP: 10/10
  4581 | D:6      | Found Tetuum's Assorted Antiques.
  4586 | D:6      | Bought a murky blue potion for 20 gold pieces
  4586 | D:6      | Bought a sedimented cyan potion for 20 gold pieces
  4586 | D:6      | Bought a blue potion for 20 gold pieces
  4586 | D:6      | Bought a smoky white potion for 20 gold pieces
  4586 | D:6      | Bought a lead wand for 92 gold pieces
  4619 | D:6      | Found a sparkling altar of Nemelex Xobeh.
  4656 | D:6      | Reached skill level 7 in Staves
  4825 | D:6      | Reached skill level 8 in Staves
  5016 | D:6      | Found a burning altar of Makhleb.
  5067 | D:6      | Found a staircase to the Ecumenical Temple.
  5076 | Temple   | Entered the Ecumenical Temple
  5135 | Temple   | Became a worshipper of Uskayaw the Reveller
  5225 | D:6      | Reached * piety under Uskayaw
  5290 | D:7      | Reached ** piety under Uskayaw
  5292 | D:7      | Reached XP level 9. HP: 66/79 MP: 11/11
  5410 | D:7      | Reached skill level 9 in Staves
  5971 | D:7      | Reached *** piety under Uskayaw
  6000 | D:7      | Reached skill level 10 in Staves
  6056 | D:7      | Reached **** piety under Uskayaw
  6064 | D:7      | Reached ***** piety under Uskayaw
  6094 | D:7      | Found a runed translucent door.
  6101 | D:7      | Noticed OldManVictorn's ghost (novice GnHW)
  6149 | D:7      | Killed OldManVictorn's ghost
  6150 | D:7      | Reached skill level 11 in Staves
  6234 | D:7      | Found a shimmering altar of Xom.
  6533 | D:7      | Identified 2 scrolls of acquirement
  6533 | D:7      | Acquired the +4 barding "Qosop" {rPois rC++ Will+}
  6543 | D:7      | Acquired 943 gold pieces
  6654 | D:8      | Reached XP level 10. HP: 86/86 MP: 12/12
  6669 | D:8      | Found Zelenkec's Lightly-Used Armoury.
  6687 | D:8      | Bought -2 pearl dragon scales for 1170 gold pieces
  6779 | D:8      | Found a blossoming altar of Fedhas.
  6840 | D:8      | Found a stormy altar of Qazlal.
  6898 | D:8      | Reached skill level 12 in Staves
  7665 | D:8      | Reached skill level 13 in Staves
  8173 | D:9      | Found a basalt altar of Yredelemnul.
  8448 | D:10     | Entered Level 10 of the Dungeon
  8507 | D:10     | Found a glowing golden altar of the Shining One.
  8738 | D:10     | Noticed a cyclops
  8746 | D:10     | Killed a cyclops
  8810 | D:10     | Reached skill level 14 in Staves
  8810 | D:10     | Reached skill level 1 in Invocations
  8812 | D:10     | Reached XP level 11. HP: 84/92 MP: 13/13
  8952 | D:10     | Found a staircase to the Lair.
  8957 | D:10     | Noticed a two-headed ogre
  8964 | D:10     | Killed a two-headed ogre
  9214 | Lair:1   | Entered Level 1 of the Lair of Beasts
  9232 | Lair:1   | Reached skill level 5 in Invocations
  9413 | Lair:1   | Noticed a wolf spider
  9424 | Lair:1   | Paralysed by a hornet for 2 turns
  9448 | Lair:1   | Killed a wolf spider
  9583 | Lair:1   | Noticed a death yak
  9583 | Lair:1   | Noticed a death yak
  9585 | Lair:1   | Noticed a death yak
  9594 | Lair:1   | Killed a death yak
  9605 | Lair:1   | Noticed a death yak
  9606 | Lair:1   | Reached ****** piety under Uskayaw
  9607 | Lair:1   | Noticed a death yak
  9608 | Lair:1   | Killed a death yak
  9612 | Lair:1   | Noticed a death yak
  9613 | Lair:1   | Killed a death yak
  9619 | Lair:1   | Killed a death yak
  9879 | D:10     | Killed a death yak
 10020 | Lair:1   | Killed a death yak
 10253 | Lair:1   | Reached skill level 10 in Invocations
 10459 | Lair:1   | Reached XP level 12. HP: 95/100 MP: 19/19
 10540 | Lair:2   | Noticed a boulder beetle
 10562 | Lair:2   | Killed a boulder beetle
 11011 | Lair:2   | Found a staircase to the Shoals.
 11340 | Lair:2   | Found a hole to the Spider Nest.
 11701 | Lair:3   | Reached skill level 5 in Armour
 12297 | Lair:3   | Noticed Nergalle
 12305 | Lair:3   | Killed Nergalle
 12610 | Lair:4   | You fall into a shaft and drop 1 floor!
 12610 | Lair:5   | Entered Level 5 of the Lair of Beasts
 12649 | Lair:5   | Reached skill level 10 in Armour
 12684 | Lair:5   | Reached XP level 13. HP: 75/107 MP: 22/22
 12898 | Lair:5   | Found a staircase to the Slime Pits.
 14161 | Lair:5   | Found the +7 sceptre of Torment {pain, torment}
 14163 | Lair:5   | Found a corrupted altar of Lugonu.
 14163 | Lair:5   | Found a one-way gate to the infinite horrors of the Abyss.
 14557 | Lair:4   | Reached skill level 1 in Maces & Flails
 16244 | D:11     | Noticed Erica
 16248 | D:11     | Reached XP level 14. HP: 122/126 MP: 23/23
 16260 | D:11     | Killed Erica
 16261 | D:11     | Reached skill level 5 in Maces & Flails
 17053 | D:12     | Found a staircase to the Orcish Mines.
 17066 | Orc:1    | Entered Level 1 of the Orcish Mines
 17260 | Orc:2    | Entered Level 2 of the Orcish Mines
 17502 | Orc:2    | Found a staircase to the Elven Halls.
 17794 | Orc:2    | HP: 6/126 [two-headed ogre/+0 giant club (3)]
 17794 | Orc:2    | Killed from afar by an ogre mage

Illustrated notes

Levels and vault maps discovered:
D:1:      kilobyte_arrival_exit_the_forest, layout_loops_ring,
          minmay_tetromino_l4
D:2:      layout_loops_ring, ebering_ecumenical_altar_abandoned, uniq_terence
D:3:      layout_basic, nicolae_elyvilon_peaceful_grove,
          mainiacjoe_overflow_cross_hatched, old_standard_altar, st_stairs_6,
          kennysheep_nub, chequers_serial_rivers_room_b, minmay_puff
D:4:      layout_loops_corners, uniq_ijyb
D:5:      layout_loops_ring, minmay_misc_feat_x, item_on_display_a
D:6:      layout_basic, mainiacjoe_overflow_paths, okawaru_gym_becter,
          general_overflow_altar, minmay_temple_entry_gardened_gates,
          serial_shops, shop, st_stairs_2, hangedman_glass_teeth, hex_tiny,
          uniq_pikel
D:7:      layout_basic, xom_butterflies, ebering_ghost_reflecting_pool,
          minmay_crossroads
D:8:      layout_basic, mainiacjoe_overflow_six_doors_small,
          fedhas_altar_decomposition, minmay_shop_damaged, lemuel_flamethrower_1
D:9:      layout_roguey, yredelemnul_altar_generic
D:10:     layout_long_grid, tso_oasis_becter, lair_entry_dummy
D:11:     layout_loops_ring, uniq_erica
D:12:     layout_rooms, minmay_orc_entry_temple_small
Temple:   grunt_temple_mini_profane
Lair:1:   minmay_lair_venomous_thicket, layout_layer_cave, lemuel_fruit_tree,
          grunt_megastairs_4
Lair:2:   layout_cave_pods, minmay_shoals_entry_centaurs,
          nicolae_spider_entry_non_spiders, cheibrodos_lair_lostbears,
          grunt_megastairs_2
Lair:3:   layout_cave_pods, special_room [special_room_bee],
          chequers_serial_rivers_micro_a, uniq_nergalle
Lair:4:   layout_layer_cave, serial_bayou_shore_b
Lair:5:   hellmonk_lair_end_abyssal_woods, layout_long_grid,
          nicolae_slime_entry_slimehenge, eino_small_chamber_without_monster
Orc:1:    layout_caves, gammafunk_ghost_fury_of_okawaru
Orc:2:    st_orc_ogre_mass, layout_caves, nicolae_orc_rockfall,
          nicolae_orc_pool_cavern

Skill      XL: |  1  2  3  4  5  6  7  8  9 10 11 12 13 14 |
---------------+-------------------------------------------+-----
Fighting       | 2 3 4 5 9 |  9.0
Axes           | 2 3 4 |  4.0
Staves         | 2 6 8 11 14 | 14.0
Invocations    | 1 10 12 | 12.0
Armour         | 10 12 | 12.0
Maces & Flails | 4 8 |  8.8
Throwing       | |  0.8
Dodging        | |  1.3
Spellcasting   | |  1.7
Translocations | |  3.0

Action                     |  1- 3 |  4- 6 |  7- 9 | 10-12 | 13-15 || total
---------------------------+-------+-------+-------+-------+-------++-------
  Melee: Whip              |    74 |    52 |       |       |       ||   126
         Hand axe          |    11 |       |       |       |       ||    11
         Tailslap          |     7 |    19 |    17 |    85 |    68 ||   196
         Punch             |     2 |       |       |       |       ||     2
         War axe           |       |    16 |       |       |       ||    16
         Quarterstaff      |       |    40 |   161 |   646 |   291 ||  1138
         Eveningstar       |       |       |       |       |   255 ||   255
  Throw: Boomerang         |       |     3 |       |       |       ||     3
         Dart              |       |       |       |     2 |       ||     2
 Invoke: Grand Finale      |       |       |       |     1 |     1 ||     2
         Line Pass         |       |       |       |       |     1 ||     1
  Evoke: Wand              |       |       |       |       |     5 ||     5
    Use: Scroll            |       |     1 |    17 |     8 |     5 ||    31
         Potion            |       |       |       |       |     4 ||     4
   Stab: Sleeping          |       |     1 |       |       |       ||     1
         Paralysed         |       |       |     3 |    55 |    49 ||   107
         Confused          |       |       |     1 |       |       ||     1
         Petrifying        |       |       |       |       |     1 ||     1
 Armour: Leather armour    |    21 |    36 |    19 |       |       ||    76
         Steam dragon scal |       |       |     5 |       |       ||     5
         Robe              |       |       |    47 |   298 |       ||   345
         Pearl dragon scal |       |       |       |    32 |   455 ||   487
  Dodge: Dodged            |    38 |    45 |   114 |   240 |   167 ||   604
  Block: Buckler           |       |       |       |       |    29 ||    29
